 Dungeon Crawl Stone Soup version 0.29-a0-92-gee772dd00f (webtiles) character file.

Game seed: 14107131229545146910

543 enile the Charlatan (level 7, -11/52 HPs)
             Began as a Gnoll Wanderer on Feb 10, 2022.
             Was an Initiate of Yredelemnul.
             Mangled by a yak (14 damage)
             ... on level 4 of the Dungeon.
             The game lasted 00:07:53 (4684 turns).

enile the Charlatan (Gnoll Wanderer)                Turns: 4684, Time: 00:07:53

Health: -11/52     AC:  6    Str: 15    XL:     7   Next: 27%
Magic:  12/12      EV: 11    Int: 10    God:    Yredelemnul [......]
Gold:   162        SH:  0    Dex: 11    Spells: 12/13 levels left

rFire   . . .      SeeInvis .   j - +2 quarterstaff
rCold   . . .      Faith    .   (shield currently unavailable)
rNeg    . . .      Spirit   .   c - +0 ring mail
rPois   .          Reflect  .   (no helmet)
rElec   .          Harm     .   (no cloak)
rCorr   .          Rampage  .   (no gloves)
Will    .....                   (no boots)
Stlth   ++........              (no amulet)
HPRegen 0.17/turn               (no ring)
MPRegen 0.13/turn               (no ring)

@: no status effects
A: fangs 1, strong nose, distributed training
a: Renounce Religion, Recall Undead Harvest


You were on level 4 of the Dungeon.
You worshipped Yredelemnul.
Yredelemnul was noncommittal.
You visited 1 branch of the dungeon, and saw 4 of its levels.

You collected 162 gold pieces.

Inventory:

Hand Weapons
 a - a +0 club
 d - a +0 scythe
 j - a +2 quarterstaff (weapon)
Armour
 c - a +0 ring mail (worn)
 e - the +0 cloak of Pappucukh {Dex+5}
   (You acquired it on level 3 of the Dungeon)

   Dex:       It affects your dexterity (+5).
 f - a +1 robe of cold resistance
Scrolls
 k - a scroll of vulnerability
 m - a scroll of amnesia
 r - a scroll of acquirement
Potions
 b - a potion of might
 g - 2 potions of mutation {unknown}
 h - a potion of curing
 i - 3 potions of flight {unknown}
 l - a potion of attraction {unknown}
 n - 2 potions of ambrosia {unknown}
 o - a potion of heal wounds {unknown}
 p - a potion of lignification {unknown}


   Skills:
 + Level 3.5 Fighting
 + Level 2.3 Short Blades
 + Level 2.3 Long Blades
 + Level 2.3 Axes
 + Level 2.3 Maces & Flails
 + Level 2.3 Polearms
 + Level 2.3 Staves
 + Level 2.3 Slings
 + Level 2.3 Bows
 + Level 2.3 Crossbows
 + Level 2.3 Throwing
 + Level 5.2 Armour
 + Level 2.3 Dodging
 + Level 3.4 Stealth
 + Level 2.3 Shields
 + Level 5.2 Unarmed Combat
 + Level 3.7 Spellcasting
 + Level 1.9 Conjurations
 + Level 1.9 Hexes
 + Level 1.9 Summonings
 + Level 1.9 Necromancy
 + Level 1.9 Translocations
 + Level 1.9 Transmutations
 + Level 1.9 Fire Magic
 + Level 1.9 Ice Magic
 + Level 1.9 Air Magic
 + Level 1.9 Earth Magic
 + Level 2.9 Poison Magic
 + Level 2.6 Invocations
 + Level 5.2 Evocations


You had 12 spell levels left.
You knew the following spells:

 Your Spells              Type           Power      Damage    Failure   Level
a - Sting                 Tmut/Pois      24%        1d4       19%         1

Your spell library contained the following spells:

 Spells                   Type           Power      Damage    Failure   Level
 Magic Dart               Conj           20%        1d4       22%         1
 Ensorcelled Hibernation  Hex/Ice        10%        N/A       32%         2
 Passwall                 Tmut/Erth      4%         N/A       32%         2
 Searing Ray              Conj           10%        2d4       32%         2
 Mephitic Cloud           Conj/Pois/Air  6%         N/A       50%         3
 Swiftness                Air            5%         N/A       54%         3
 Fulminant Prism          Conj/Hex       2%         3d6       91%         4


Dungeon Overview and Level Annotations

Branches:
Dungeon (4/15)
 Temple: D:4-7

Altars:
Elyvilon
Uskayaw
Yredelemnul


Innate Abilities, Weirdness & Mutations

You have very sharp teeth.
Your uncanny sense of smell can sniff out nearby items.
Your experience applies equally to all skills.


Message History

The yak is lightly wounded.
The bolt of acid hits the giant cockroach!
The acid corrodes the giant cockroach!
You kill the giant cockroach!
The now-empty wand crumbles to dust.
A black mist starts to gather...
The yak gores you! The yak gores you!
* * * LOW HITPOINT WARNING * * *
The yak is no longer covered in acid.
As you read the scroll of fear, it crumbles to dust.
You assume a fearsome visage.
The yak looks frightened!
Your giant cockroach zombie bites the yak but does no damage.
Your giant cockroach zombie bites the yak.
Your giant cockroach zombie bites the yak but does no damage.
Your giant cockroach zombie's attack snaps the yak out of its fear.
This is a scroll of acquirement!
Something appears at your feet!
The yak gores your giant cockroach zombie!
Your giant cockroach zombie is destroyed!
e - the +0 cloak of Pappucukh {Dex+5}
Okay, then.
Casting: Sting (safe; 19% risk of failure)
Confirm with . or Enter, or press ? or * to list all spells.
Okay, then.
There is an escape hatch in the floor here.
Really walk into that dispersal trap?
You enter a dispersal trap!
The yak blinks! x2; You blink.
The yak gores you!
* * * LOW HITPOINT WARNING * * *
Really walk into that dispersal trap?
You enter a dispersal trap!
The yak blinks! x3; You blink.
There is a stone staircase leading down here.
You climb downwards.
The yak bellows!
The adder skeleton bites you but does no damage.
The yak closely misses you. The yak gores you!
* * * LOW HITPOINT WARNING * * *
The yak gores you!
You die...
Your body rises from the dead as a mindless zombie.

###.#.#.........
Y..............
##Y#.#.........
.Y...#.........
#...........
#...........
#...........
########.Z..Y......
.......Y@Y.........
#####...Y..........
#..............
#........###..#
#........# #.
#..........
#........###
#######.## ..


You could see 4 yaks and an adder skeleton.

Vanquished Creatures
  Grinder (D:3)
  Sigmund (D:3)
  A jelly (D:3)
  Jessica (D:3)
  Ijyb (D:3)
  4 adders
  An orc (D:3)
  5 endoplasms
  2 giant cockroaches
  4 goblins (D:2)
  11 hobgoblins
  4 jackals (D:1)
  A quokka (D:2)
  5 ball pythons (D:1)
  5 bats
  4 frilled lizards
  4 kobolds
  4 rats
59 creatures vanquished.

Vanquished Creatures (collateral kills)
  An adder (D:2)
  A dart slug (D:2)
  2 hobgoblins (D:3)
  A bat (D:1)
  A frilled lizard (D:2)
  A rat (D:3)
7 creatures vanquished.

Vanquished Creatures (others)
  A spectral shadow imp (D:3)
  A human zombie (D:3)
  An adder zombie (D:3)
  A dart slug zombie (D:2)
  2 frilled lizard zombies
  A giant cockroach zombie (D:3)
  2 goblin zombies (D:2)
  3 hobgoblin zombies
  A kobold zombie (D:3)
  An orc zombie (D:3)
  2 rat zombies (D:3)
  2 plants (D:3)
18 creatures vanquished.

Grand Total: 84 creatures vanquished

Notes
Turn   | Place    | Note
-------+----------+-------------------------------------------
     0 | D:1      | enile the Gnoll Wanderer began the quest for the Orb.
     0 | D:1      | enile set off with the following items: a +0 club, a potion
                  | of might, a +0 ring mail, a scroll of fear; and the
                  | following spell memorised: Sting; and the following spells
                  | available to memorise: Mephitic Cloud
     0 | D:1      | Reached XP level 1. HP: 17/17 MP: 4/4
   484 | D:1      | Reached XP level 2. HP: 8/23 MP: 1/5
  1196 | D:1      | Found a faded altar of an unknown god.
  1234 | D:1      | Prayed at the altar of an unknown god.
  1234 | D:1      | Became a worshipper of Yredelemnul the Dark
  1234 | D:1      | Reached * piety under Yredelemnul
  1272 | D:1      | Reached XP level 3. HP: 27/28 MP: 7/7
  1751 | D:2      | Reached skill level 1 in Invocations
  1958 | D:2      | Reached skill level 1 in Short Blades
  1958 | D:2      | Reached skill level 1 in Long Blades
  1958 | D:2      | Reached skill level 1 in Axes
  1958 | D:2      | Reached skill level 1 in Maces & Flails
  1958 | D:2      | Reached skill level 1 in Polearms
  1958 | D:2      | Reached skill level 1 in Staves
  1958 | D:2      | Reached skill level 1 in Slings
  1958 | D:2      | Reached skill level 1 in Bows
  1958 | D:2      | Reached skill level 1 in Crossbows
  1958 | D:2      | Reached skill level 1 in Throwing
  1958 | D:2      | Reached skill level 1 in Dodging
  1958 | D:2      | Reached skill level 1 in Shields
  2060 | D:2      | Reached XP level 4. HP: 17/34 MP: 8/8
  2728 | D:2      | Found a white marble altar of Elyvilon.
  2986 | D:3      | Found a hide-covered altar of Uskayaw.
  3001 | D:3      | Noticed Sigmund
  3002 | D:3      | Reached skill level 1 in Conjurations
  3002 | D:3      | Reached skill level 1 in Hexes
  3002 | D:3      | Reached skill level 1 in Summonings
  3002 | D:3      | Reached skill level 1 in Necromancy
  3002 | D:3      | Reached skill level 1 in Translocations
  3002 | D:3      | Reached skill level 1 in Transmutations
  3002 | D:3      | Reached skill level 1 in Fire Magic
  3002 | D:3      | Reached skill level 1 in Ice Magic
  3002 | D:3      | Reached skill level 1 in Air Magic
  3002 | D:3      | Reached skill level 1 in Earth Magic
  3412 | D:3      | Killed Sigmund
  3413 | D:3      | Reached XP level 5. HP: 38/41 MP: 8/10
  3413 | D:3      | Reached XP level 6. HP: 44/47 MP: 8/11
  3478 | D:3      | Noticed Grinder
  3498 | D:3      | Paralysed by Grinder for 7 turns
  3509 | D:3      | Paralysed by Grinder for 2 turns
  3525 | D:3      | Your ally Sigmund died
  3690 | D:3      | Noticed Jessica
  3703 | D:3      | Killed Jessica
  3748 | D:3      | Paralysed by Grinder for 3 turns
  3773 | D:3      | Paralysed by Grinder for 2 turns
  3782 | D:3      | Killed Grinder
  3783 | D:3      | Reached skill level 5 in Armour
  3783 | D:3      | Reached skill level 5 in Unarmed Combat
  3783 | D:3      | Reached skill level 5 in Evocations
  3783 | D:3      | Reached XP level 7. HP: 23/52 MP: 10/12
  4231 | D:3      | Noticed Ijyb
  4244 | D:3      | Your ally Grinder died
  4270 | D:3      | Killed Ijyb
  4599 | D:4      | Noticed a yak
  4607 | D:4      | Noticed a yak
  4608 | D:4      | Noticed a yak
  4609 | D:4      | Noticed a yak
  4609 | D:4      | Noticed a yak
  4641 | D:3      | Identified 2 scrolls of acquirement
  4641 | D:3      | Acquired the +0 cloak of Pappucukh {Dex+5}
  4684 | D:4      | Mangled by a yak

Illustrated notes

Levels and vault maps discovered:
D:1:      scummos_arrival_gate, layout_loops_cross, basic_ecumenical_altar,
          minmay_misc_feat_iff, roderic_lattice_a, dk_noncrumbling_3
D:2:      layout_loops_ring, basic_altar
D:3:      layout_basic, mainiacjoe_overflow_boulevard, uniq_jessica,
          uniq_sigmund, uniq_ijyb, uniq_grinder
D:4:      layout_basic, mainiacjoe_overflow_small_starburst, uniq_eustachio,
          uniq_blork_the_orc

Skill      XL: |  1  2  3  4  5  6 |
---------------+-------------------+-----
Poison Magic   | 2 |  2.9
Invocations    | 1 2 |  2.6
Short Blades   | 1 2 |  2.3
Long Blades    | 1 2 |  2.3
Axes           | 1 2 |  2.3
Maces & Flails | 1 2 |  2.3
Polearms       | 1 2 |  2.3
Staves         | 1 2 |  2.3
Slings         | 1 2 |  2.3
Bows           | 1 2 |  2.3
Crossbows      | 1 2 |  2.3
Throwing       | 1 2 |  2.3
Dodging        | 1 2 |  2.3
Shields        | 1 2 |  2.3
Spellcasting   | 3 |  3.7
Conjurations   | 1 |  1.9
Hexes          | 1 |  1.9
Summonings     | 1 |  1.9
Necromancy     | 1 |  1.9
Translocations | 1 |  1.9
Transmutations | 1 |  1.9
Fire Magic     | 1 |  1.9
Ice Magic      | 1 |  1.9
Air Magic      | 1 |  1.9
Earth Magic    | 1 |  1.9
Fighting       | 3 |  3.5
Stealth        | 3 |  3.4
Armour         | 5 |  5.2
Unarmed Combat | 5 |  5.2
Evocations     | 5 |  5.2

Action                   |  1- 3 |  4- 6 |  7- 9 || total
-------------------------+-------+-------+-------++-------
Melee: Club              |    23 |       |       ||    23
       Bite              |     6 |     7 |     4 ||    17
       Quarterstaff      |    89 |    76 |    28 ||   193
 Cast: Sting             |    17 |     4 |       ||    21
Evoke: Wand              |       |       |     1 ||     1
  Use: Scroll            |       |     6 |     3 ||     9
       Potion            |       |     1 |     1 ||     2
 Stab: Sleeping          |       |     1 |       ||     1
Armor: Ring mail         |    62 |    22 |    27 ||   111
Dodge: Dodged            |    81 |    45 |    34 ||   160

Table legend: (Time is in decaauts)
 A = Elapsed time spent in this place.
 B = Non-inter-level travel time spent in this place.
 C = Inter-level travel time spent in this place.
 D = Time resting spent in this place.
 E = Time spent auto-exploring this place.
 F = Levels seen in this place.
 G = Mean time per level.
                   A        B        C        D        E       F      G
               +--------+--------+--------+--------+--------+-----+--------+
         Total |   4738 |   4637 |    101 |    326 |   3555 |   4 | 1184.5 |
       Dungeon |   4738 |   4637 |    101 |    326 |   3555 |   4 | 1184.5 |
               +--------+--------+--------+--------+--------+-----+--------+

Top non-repeatable levels by time:
     D:2: 1681 daAuts
     D:3: 1528 daAuts
     D:1: 1506 daAuts
     D:4: 23 daAuts
